 Dungeon Crawl Stone Soup version 0.23-a0-484-g29ba69c (webtiles) character file.

20 MrSlowpoke the Skirmisher (level 2, -4/24 (26) HPs)
             Began as a Ghoul Monk on Nov 30, 2018.
             Slain by Purgy (5 damage)
             ... on level 3 of the Dungeon.
             The game lasted 00:10:04 (613 turns).

MrSlowpoke the Skirmisher (Ghoul Monk)               Turns: 613, Time: 00:10:05

HP:   -4/24 (26)    AC:  4    Str: 14    XL:     2   Next: 79%
MP:   1/1           EV: 12    Int:  5    God:
Gold: 47            SH:  0    Dex: 11    Spells: 1/1 levels left

rFire    . . .     SeeInvis .     - Unarmed
rCold    + . .     Gourm    .   (no shield)
rNeg     + + +     Faith    .   i - +0 leather armour
rPois    ∞         Spirit   .   g - +0 helmet (curse)
rElec    .         Reflect  .   (no cloak)
rCorr    .         Harm     .   (no gloves)
MR       .....                  (no boots)
Stlth    ++........             (no amulet)
HPRegen  0.00/turn              (no ring)
MPRegen  0.07/turn              (no ring)

@: rotting
A: rotting body, claws 1, carnivore, cold resistance 1, negative energy
resistance 3, inhibited regeneration, torment resistance, unbreathing
a: no special abilities


You were on level 3 of the Dungeon.
You were not hungry.

You visited 1 branch of the dungeon, and saw 3 of its levels.

You collected 47 gold pieces.

Inventory:

Hand Weapons
 j - a +0 short sword
Armour
 a - a +0 robe
 f - a +0 robe
 g - a cursed +0 helmet (worn)
 i - a +0 leather armour (worn)
Scrolls
 k - a scroll of identify
 l - a scroll of amnesia {unknown}
 m - a scroll of enchant armour {unknown}
 n - 3 scrolls of noise {unknown}
Potions
 c - 2 potions of flight
 d - 2 potions of cancellation {unknown}
 e - a potion of heal wounds {unknown}
 h - a potion of might {unknown}
Comestibles
 b - 3 rations


   Skills:
 + Level 3.6 Fighting
 + Level 0.3 Armour
 + Level 2.9 Dodging
 + Level 2.3 Stealth
 + Level 3.6 Unarmed Combat


You had one spell level left.
You didn't know any spells.
Your spell library was empty.

Dungeon Overview and Level Annotations

Branches:
Dungeon (3/15)

Altars:

Annotations:
D:3 Purgy


Innate Abilities, Weirdness & Mutations

Your body is rotting away.
You thrive on raw meat.
You are immune to poison.
You have sharp fingernails.
You are carnivorous and can eat meat at any time.
Your flesh is cold resistant. (rC+)
You are immune to negative energy. (rN+++)
You do not regenerate when monsters are visible.
You are immune to unholy pain and torment.
You can survive without breathing.


Message History

An orc and Purgy come into view.
Purgy shouts!
You see here 5 gold pieces.
Purgy hisses, "I bite!"
A leopard gecko comes into view.
A leopard gecko comes into view.
The leopard gecko hisses angrily.
Purgy bites you. Purgy claws you but does no damage. Purgy misses you.
You barely miss Purgy. Purgy bites you. Purgy claws you.
Purgy claws you but does no damage.
You closely miss Purgy. Purgy bites you.
* * * LOW HITPOINT WARNING * * *
Purgy closely misses you. Purgy claws you.
* * * LOW HITPOINT WARNING * * *
A rat comes into view.
Found a golden potion.
The rat bites you but does no damage.
Purgy looks around nervously.
Purgy bites you.
You die...

### ########### #####...
....(<....#### #.....###
###.#####.##.###.#......
# #...........rT@.!#
###.#####....ll#.###
....#####.#...##.#
#.$..l....##.###.#
#.##########.# #.. ...
#.# ### #### #+#


You could see Purgy, 2 leopard geckos and a rat.

Vanquished Creatures
  A leopard gecko (D:1)
  A bat (D:2)
  3 goblins
  4 hobgoblins
  2 frilled lizards (D:1)
  3 kobolds
  3 rats
17 creatures vanquished.

Vanquished Creatures (others)
  A bat (D:2)
1 creature vanquished.

Grand Total: 18 creatures vanquished

Notes
Turn   | Place    | Note
-------+----------+-------------------------------------------
     0 | D:1      | MrSlowpoke the Ghoul Monk began the quest for the Orb.
     0 | D:1      | Reached XP level 1. HP: 19/19 MP: 0/0
   253 | D:1      | Reached XP level 2. HP: 11/24 MP: 1/1
   592 | D:3      | Noticed Purgy
   602 | D:3      | HP: 1/24 [Purgy (2)]
   613 | D:3      | Slain by Purgy

Vault maps used:
D:1:      minmay_arrival_nine_rooms
D:2:      grunt_ministairs_11
D:3:      trog_eyes_of_draining, first_ration, minmay_unequal, uniq_purgy

Action                   || total
-------------------------++-------
Melee: Unarmed           ||    36
  Use: Scroll            ||     1
Armor: Leather armour    ||    15
       Robe              ||     1
Dodge: Dodged            ||    37

Table legend:
 A = Non-vault XP
 B = Vault XP
 C = Vault XP percentage of total XP
 D = Non-vault monster count
 E = Vault monster count
 F = Vault count percentage of total count
                 A         B        C        D         E       F
            +---------+---------+-------+---------+---------+-------
      Total |      29 |       0 |   0.0 |      17 |       0 |   0.0
            +---------+---------+-------+---------+---------+-------
        D:1 |      14 |       0 |   0.0 |       9 |       0 |   0.0
        D:2 |      15 |       0 |   0.0 |       8 |       0 |   0.0
            +---------+---------+-------+---------+---------+-------
